[Event "ICC tourney 2556 (25 5)"]
[Site "Internet Chess Club"]
[Date "2021.05.08"]
[Round "4"]
[White "BOTHE, NYSA:K05-17073423"]
[Black "SANDY, ADRIAN:K05-16647505"]
[Result "1/2-1/2"]
[ICCResult "Black stalemated"]
[WhiteElo "815"]
[BlackElo "384"]
[Opening "Mieses opening"]
[ECO "A00"]
[NIC "VO.13"]
[Time "17:33:55"]
[PlyCount "199"]
[TimeControl "1500+5"]

1. d3 e5 2. Nf3 Nc6 3. c3 d5 4. Qa4 Bd7 5. Qc2 Nf6 6. e4 dxe4 7. dxe4 Bc5
8. Be2 Qe7 9. O-O O-O 10. Nbd2 Rad8 11. b3 a5 12. Bb2 b6 13. Rad1 Rfe8 14.
Rfe1 Ng4 15. Rf1 Be6 16. h3 Nf6 17. Rfe1 Nh5 18. Nc4 Rxd1 19. Rxd1 Bxc4 20.
Bxc4 Nf4 21. Bb5 Qe6 22. b4 Be7 23. a3 Rd8 24. Rxd8+ Nxd8 25. Qd2 Qd6 26.
Qxd6 Bxd6 27. Kf1 c6 28. Bc4 b5 29. Be2 axb4 30. cxb4 Nxe2 31. Kxe2 f6 32.
g4 Ne6 33. h4 h6 34. Nd2 Nf4+ 35. Kf1 Bc7 36. f3 Nd3 37. Bc3 Bb6 38. Ke2
Nf4+ 39. Kd1 Ng2 40. h5 Nh4 41. Kc2 Be3 42. Kb3 Bxd2 43. Bxd2 Nxf3 44. Be3
Kf7 45. a4 bxa4+ 46. Kxa4 Ke6 47. Ka5 Kd6 48. Kb6 Nd4 49. Bd2 Nb3 50. Bc3
Nd4 51. Bd2 Nb3 52. Bc3 Nd4 53. Bd2 Nb3 54. Bc3 Nd4 55. Bd2 Nb3 56. Bc3 Nd4
57. Bd2 Nf3 58. Be3 Nh2 59. Bc5+ Kd7 60. Bf8 Nxg4 61. Bxg7 Nf2 62. Bxh6
Nxe4 63. Bg7 Ng5 64. Bxf6 Nh7 65. Bxe5 Ng5 66. h6 Nh7 67. Bf4 Nf8 68. Be5
Nh7 69. Kc5 Ng5 70. Bf4 Nh7 71. Be5 Nf8 72. Bf4 Nh7 73. Kd4 Nf8 74. Ke5 Ke7
75. Be3 Nh7 76. Kf5 Kf7 77. Bc5 Nf6 78. h7 Nxh7 79. Ke5 Ke8 80. Kd6 Nf6 81.
Kxc6 Ne4 82. Ba7 Nc3 83. Bd4 Na4 84. b5 Kd8 85. Bb6+ Kc8 86. Ba7 Kd8 87.
Bd4 Kc8 88. Kd5 Kb7 89. Kc4 Nb6+ 90. Bxb6 Kxb6 91. Kb4 Kb7 92. Ka5 Ka7 93.
Kb4 Kb6 94. Kc4 Kb7 95. Kc5 Kc7 96. b6+ Kb7 97. Kb5 Kb8 98. Ka6 Ka8 99. b7+
Kb8 100. Kb6 { Black stalemated } 1/2-1/2

[Event "ICC tourney 2556 (25 5)"]
[Site "Internet Chess Club"]
[Date "2021.05.08"]
[Round "4"]
[White "CHANG LIU, NATHAN:K05-16650672"]
[Black "KAUR, JIND:K05-15724996"]
[Result "1/2-1/2"]
[ICCResult "Game drawn by repetition"]
[WhiteElo "1575"]
[BlackElo "1296"]
[Opening "Sicilian: Nimzovich-Rossolimo attack (with ...g6, without ...d6)"]
[ECO "B31"]
[NIC "SI.31"]
[Time "17:34:37"]
[PlyCount "106"]
[TimeControl "1500+5"]

1. e4 c5 2. Nf3 Nc6 3. Bb5 g6 4. Bxc6 bxc6 5. O-O Bg7 6. c3 Nf6 7. Re1 O-O
8. d4 cxd4 9. cxd4 d5 10. e5 Nd7 11. Qc2 Qb6 12. Nc3 Bb7 13. b3 c5 14. dxc5
Qxc5 15. Qd3 Rac8 16. Na4 Qa5 17. Ba3 Rfe8 18. Rad1 Qc7 19. e6 fxe6 20.
Rxe6 Ne5 21. Nxe5 Bxe5 22. Qh3 d4 23. Re1 Bf6 24. b4 Bc6 25. Nc5 a5 26. Qb3
Kg7 27. b5 Bd7 28. b6 Qd8 29. Qd5 Rxc5 30. Bxc5 Bxe6 31. Qxe6 d3 32. b7 d2
33. Rd1 Qb8 34. Qa6 Bc3 35. Ba7 Qc7 36. b8=Q Rxb8 37. Bxb8 Qxb8 38. Qe6 Qb4
39. Qb3 Kf6 40. Kf1 Qxb3 41. axb3 Ke5 42. Ke2 Ke4 43. f3+ Kd4 44. Rh1 h5
45. h4 Bb4 46. Rh3 Kc3 47. f4+ Kc2 48. Rd3 Bc3 49. Rd7 Bb4 50. Rd3 Bc3 51.
Rd7 Bb4 52. Rd3 Bc3 53. Rd7 Bb4 { Game drawn by repetition } 1/2-1/2

[Event "ICC tourney 2556 (25 5)"]
[Site "Internet Chess Club"]
[Date "2021.05.08"]
[Round "4"]
[White "J WANG, ALEXANDER:K05-15983386"]
[Black "QIAO, EVELYN:K05-16026633"]
[Result "1-0"]
[ICCResult "Black checkmated"]
[WhiteElo "2124"]
[BlackElo "1575"]
[Opening "Sicilian: Pelikan (Lasker/Sveshnikov) variation"]
[ECO "B33"]
[NIC "SI.36"]
[Time "17:32:11"]
[PlyCount "219"]
[TimeControl "1500+5"]

1. e4 c5 2. Nf3 Nc6 3. d4 cxd4 4. Nxd4 Nf6 5. Nc3 e5 6. Ndb5 d6 7. Bg5 a6
8. Na3 Be7 9. Bxf6 Bxf6 10. Nd5 b5 11. c3 O-O 12. g3 Be6 13. Bg2 Bxd5 14.
Qxd5 Qc7 15. O-O Rfc8 16. Rfd1 Be7 17. Nc2 a5 18. Ne3 b4 19. Nf5 Rd8 20. c4
Bf8 21. Qd3 a4 22. b3 axb3 23. axb3 Ra3 24. Rxa3 bxa3 25. Ra1 Ra8 26. Ne3
a2 27. Qd2 Qa7 28. Nc2 Qc5 29. Qd5 Qxd5 30. exd5 Nd4 31. Nxd4 exd4 32. Bf1
g6 33. Bd3 Bg7 34. Kf1 Ra3 35. Ke2 Kf8 36. Kd2 Rxb3 37. Rxa2 Bh6+ 38. Ke2
Ke7 39. h3 Kf6 40. Rc2 Rb8 41. Kf3 Ke5 42. Re2+ Kf6 43. Ke4 Rb3 44. Kxd4
Bg7 45. Ra2 Kg5+ 46. Ke3 Rb7 47. Ra6 Re7+ 48. Kd2 Rd7 49. Bc2 Bd4 50. f4+
Kf6 51. Ba4 Rd8 52. Bc2 Rd7 53. Bd3 Bc5 54. Ra1 Rb7 55. Kc2 Bd4 56. Rb1 Re7
57. g4 Re3 58. Rh1 Rf3 59. f5 Rf2+ 60. Kd1 Ra2 61. Rf1 Ra1+ 62. Ke2 Rxf1
63. Kxf1 Kg5 64. Kg2 Kf4 65. fxg6 fxg6 66. Bc2 Ke3 67. Ba4 Kd3 68. Bb5 Ke3
69. Ba6 h6 70. Bb5 g5 71. Bd7 Be5 72. Be6 Kd4 73. Kf3 Kd3 74. Bg8 Kd4 75.
Ke2 Kxc4 76. Ke3 Kc3 77. Ke4 Kd2 78. Kf5 Ke3 79. Kg6 Kf3 80. Kxh6 Bf4 81.
Kh5 Kg3 82. h4 gxh4 83. Bh7 h3 84. Be4 Kf2 85. g5 Bxg5 86. Kxg5 Ke3 87. Bh1
Kd4 88. Kg4 Ke5 89. Kxh3 Kf6 90. Kg4 Ke5 91. Kg5 Kd4 92. Kf6 Kc4 93. Ke6
Kc5 94. Bg2 Kb5 95. Kxd6 Kb6 96. Ke7 Kc5 97. d6 Kd4 98. d7 Ke3 99. Bf3 Kxf3
100. d8=Q Ke4 101. Qa5 Kd4 102. Ke6 Ke4 103. Qa4+ Kd3 104. Kd5 Ke3 105. Qg4
Kd3 106. Qg3+ Ke2 107. Kd4 Kd1 108. Qg2 Kc1 109. Kc3 Kb1 110. Qb2# { Black
checkmated } 1-0

[Event "ICC tourney 2556 (25 5)"]
[Site "Internet Chess Club"]
[Date "2021.05.08"]
[Round "4"]
[White "ANG, TIMOTHY:K05-16772800"]
[Black "GURPUR MADKE PRABHU, TANYA:K05-16349446"]
[Result "0-1"]
[ICCResult "White resigns"]
[WhiteElo "896"]
[BlackElo "1264"]
[Opening "Scotch game"]
[ECO "C45"]
[NIC "SO.04"]
[Time "17:34:26"]
[PlyCount "138"]
[TimeControl "1500+5"]

1. e4 e5 2. Nf3 Nc6 3. d4 exd4 4. Nxd4 Ne5 5. Bf4 d6 6. Nc3 Nf6 7. Be2 Be7
8. h3 h6 9. a3 Ng6 10. Bg3 Bd7 11. Nf5 Bxf5 12. exf5 Ne5 13. O-O Nc6 14.
Bc4 O-O 15. Re1 Qd7 16. Qf3 Nd4 17. Qf4 Nxc2 18. Rac1 Nxe1 19. Rxe1 Nh5 20.
Qf3 Nxg3 21. fxg3 Bf6 22. Qd3 Rae8 23. Rxe8 Rxe8 24. Kh2 Be5 25. Qf3 c6 26.
Bb3 d5 27. Na4 d4 28. Nc5 Qe7 29. Nd3 Rd8 30. Qd1 Qd6 31. Qe1 Bf6 32. Qe2
Qe7 33. Qg4 b5 34. Qf3 c5 35. Bd5 c4 36. Nf2 Qd7 37. Bc6 Qc7 38. Bxb5 d3
39. b3 cxb3 40. Bxd3 Qc3 41. Qe2 b2 42. Be4 Rb8 43. Bb1 Qc1 44. Qd3 Rd8 45.
Qe4 Qf1 46. Ng4 Bd4 47. h4 Kf8 48. Ba2 Bc3 49. Ne3 Qe1 50. Qb7 Kg8 51. Qe7
Rf8 52. Nd5 Qxe7 53. Nxe7+ Kh8 54. Nd5 Be5 55. Kh3 Rc8 56. Ne3 Rc1 57. g4
b1=Q 58. Bxb1 Rxb1 59. Nd5 Rb3+ 60. g3 Rxg3+ 61. Kh2 Rd3+ 62. Kg2 Rxd5 63.
g5 hxg5 64. hxg5 Rd3 65. a4 Ra3 66. Kf2 Rxa4 67. Kf3 Rb4 68. Ke3 a5 69. Kd3
a4 { White resigns } 0-1

[Event "ICC tourney 2556 (25 5)"]
[Site "Internet Chess Club"]
[Date "2021.05.08"]
[Round "4"]
[White "YUEDUO XU, ANDY:K05-16732301"]
[Black "D BEAR, NICHOLAS:K05-16056078"]
[Result "0-1"]
[ICCResult "White resigns"]
[WhiteElo "1438"]
[BlackElo "1706"]
[Opening "English: symmetrical, main line with d3"]
[ECO "A38"]
[NIC "EO.27"]
[Time "17:32:52"]
[PlyCount "176"]
[TimeControl "1500+5"]

1. c4 c5 2. Nc3 Nc6 3. g3 g6 4. Bg2 Bg7 5. Nf3 Nf6 6. O-O O-O 7. d3 d5 8.
cxd5 Nxd5 9. Nxd5 Qxd5 10. a3 Qd8 11. Rb1 Bf5 12. Nh4 Be6 13. Be3 Qa5 14.
Qc2 Bd4 15. Bxd4 Nxd4 16. b4 Qxa3 17. Qxc5 Nxe2+ 18. Kh1 Qxd3 19. Bxb7 Rab8
20. Qxe7 Rxb7 21. Qf6 Qd4 22. Qg5 Qd5+ 23. Qxd5 Bxd5+ 24. Ng2 Bxg2+ 25.
Kxg2 Nc3 26. Rb3 Nd5 27. Rd1 Rxb4 28. Rxb4 Nxb4 29. Rd7 Ra8 30. Rb7 Nd5 31.
Rd7 Nf6 32. Rd6 Kg7 33. Ra6 Ne8 34. Kf3 f5 35. Kf4 Kf7 36. Ke5 Ke7 37. f3
Kd7 38. h4 Nc7 39. Ra5 a6 40. Kf6 Re8 41. Kg7 Re7+ 42. Kh6 Ke6 43. h5 Kf6
44. g4 Rg7 45. g5+ Kf7 46. f4 gxh5 47. Rxf5+ Kg8 48. Kxh5 Rf7 49. Rc5 Ne6
50. Rc6 Nxf4+ 51. Kh6 a5 52. Ra6 Ng6 53. Ra8+ Rf8 54. Ra7 Rf7 55. Ra8+ Nf8
56. Rxa5 Rg7 57. Kh5 Rg6 58. Ra7 Ne6 59. Ra8+ Nf8 60. Ra7 Rg7 61. Ra6 Rg6
62. Ra7 Ne6 63. Ra8+ Kf7 64. Ra7+ Kg8 65. Ra8+ Nf8 66. Ra7 Rc6 67. Rb7 Rc1
68. Kg4 Rg1+ 69. Kf5 Rf1+ 70. Kg4 Ng6 71. Rb8+ Rf8 72. Rb7 Rf4+ 73. Kg3 Rf7
74. Rb8+ Kg7 75. Kg4 Re7 76. Kh5 Nf4+ 77. Kg4 Ng6 78. Kh5 Rf7 79. Ra8 Nf4+
80. Kg4 Ng6 81. Ra6 Rf4+ 82. Kg3 Rf5 83. Kg4 Re5 84. Ra8 Re4+ 85. Kg3 Re3+
86. Kg4 Kf7 87. Ra7+ Re7 88. Kf5 Rxa7 { White resigns } 0-1

[Event "ICC tourney 2556 (25 5)"]
[Site "Internet Chess Club"]
[Date "2021.05.08"]
[Round "4"]
[White "GHODAKE, SPARSH:K05-16884947"]
[Black "LUO, WESLEY:K05-16424622"]
[Result "0-1"]
[ICCResult "White checkmated"]
[WhiteElo "1242"]
[BlackElo "1673"]
[Opening "English opening"]
[ECO "A20"]
[NIC "EO.24"]
[Time "17:33:29"]
[PlyCount "148"]
[TimeControl "1500+5"]

1. c4 e5 2. g3 Nf6 3. Bg2 Bc5 4. Nc3 d6 5. e3 Qe7 6. Nge2 c6 7. b3 e4 8.
O-O O-O 9. Bb2 Bf5 10. Na4 Nbd7 11. Nxc5 Nxc5 12. Nd4 Bg6 13. f3 Nd3 14.
Bc3 d5 15. fxe4 Bxe4 16. Nf5 Bxf5 17. Rxf5 Ne4 18. Qc2 dxc4 19. bxc4 Nec5
20. Raf1 Rad8 21. Bd4 f6 22. Qb1 Qd6 23. Bxc5 Nxc5 24. d4 Nd7 25. Qxb7 Qe6
26. d5 Qxe3+ 27. Kh1 cxd5 28. Rxd5 Nb6 29. Rxd8 Rxd8 30. Qxa7 Nxc4 31. Qc7
Qd4 32. Rc1 Ne3 33. h3 Rd7 34. Qc8+ Kf7 35. Qc6 Nxg2 36. Qxg2 Qa4 37. Qb2
Rd3 38. Qc2 Qxc2 39. Rxc2 Rxg3 40. Kh2 Ra3 41. Rb2 Kg6 42. Kg2 f5 43. Rb6+
Kg5 44. Rb2 h5 45. Rc2 f4 46. Rc5+ Kh4 47. Rc2 g5 48. Kh2 g4 49. hxg4 hxg4
50. Kg2 g3 51. Rb2 Kg4 52. Rc2 f3+ 53. Kg1 Kh3 54. Rc8 f2+ 55. Kf1 g2+ 56.
Kxf2 Rxa2+ 57. Kf3 Kh2 58. Rh8+ Kg1 59. Ke3 Rf2 60. Ra8 Rf7 61. Rg8 Re7+
62. Kf3 Rf7+ 63. Ke3 Rf1 64. Ke2 Rf2+ 65. Ke3 Kf1 66. Ra8 Re2+ 67. Kf3 g1=Q
68. Ra1+ Re1 69. Ra2 Qe3+ 70. Kg4 Qe6+ 71. Kf3 Qxa2 72. Kg3 Qb3+ 73. Kh2
Re2+ 74. Kh1 Qf3# { White checkmated } 0-1

[Event "ICC tourney 2556 (25 5)"]
[Site "Internet Chess Club"]
[Date "2021.05.09"]
[Round "5"]
[White "MUKHOPADHYAY, ANUSHA:K05-16454747"]
[Black "ANDREW DOUGLAS MURPHY, JACK:K05-16368541"]
[Result "1-0"]
[ICCResult "Black checkmated"]
[WhiteElo "1057"]
[BlackElo "754"]
[Opening "Bishop's opening: Classical variation"]
[ECO "C23"]
[NIC "IG.04"]
[Time "11:30:59"]
[PlyCount "55"]
[TimeControl "1500+5"]

1. e4 e5 2. Bc4 Bc5 3. Nc3 Nc6 4. Nf3 d6 5. h3 Nf6 6. d3 O-O 7. Be3 Bxe3 8.
fxe3 d5 9. exd5 Ne7 10. e4 Ng6 11. O-O Nf4 12. Ne2 N6h5 13. Nxe5 Qf6 14.
Ng4 Bxg4 15. hxg4 Qg5 16. Nxf4 Nxf4 17. Qf3 Rae8 18. Qxf4 Qxf4 19. Rxf4 Re5
20. Rf5 Rxf5 21. gxf5 Re8 22. g4 g6 23. Kf2 gxf5 24. gxf5 Kg7 25. Rg1+ Kh6
26. Kf3 f6 27. Kf4 Kh5 28. Rh1# { Black checkmated } 1-0

[Event "ICC tourney 2556 (25 5)"]
[Site "Internet Chess Club"]
[Date "2021.05.09"]
[Round "5"]
[White "SCHMELZER, ZACHARY:K05-16849843"]
[Black "SKOCZYLAS, ALEXANDER:K05-16503528"]
[Result "0-1"]
[ICCResult "White checkmated"]
[WhiteElo "620"]
[BlackElo "1001"]
[Opening "Petrov's defense"]
[ECO "C42"]
[NIC "RG.03"]
[Time "11:33:15"]
[PlyCount "22"]
[TimeControl "1500+5"]

1. e4 e5 2. Nf3 Nf6 3. Nxe5 Nc6 4. Nxc6 dxc6 5. Nc3 Bc5 6. Bc4 Ng4 7. O-O
Qh4 8. h3 Nxf2 9. Qf3 Nxh3+ 10. Kh2 Nf2+ 11. Kg1 Qh1# { White checkmated }
0-1

[Event "ICC tourney 2556 (25 5)"]
[Site "Internet Chess Club"]
[Date "2021.05.09"]
[Round "5"]
[White "JAIN, DARSH:K05-30103038"]
[Black "NILES, NOAH:K05-30027195"]
[Result "1-0"]
[ICCResult "Black checkmated"]
[WhiteElo "836"]
[BlackElo "408"]
[Opening "Pirc: classical (two knights) system"]
[ECO "B06"]
[NIC "PU.10"]
[Time "11:30:21"]
[PlyCount "43"]
[TimeControl "1500+5"]

1. e4 g6 2. d4 Bg7 3. Nf3 d6 4. Nc3 Nf6 5. Be3 Bg4 6. Bd3 e6 7. h3 Bxf3 8.
Qxf3 O-O 9. O-O-O Nc6 10. h4 e5 11. d5 Nb4 12. Kb1 a5 13. g4 Nxd3 14. Rxd3
b5 15. Nxb5 Qb8 16. Nc3 a4 17. a3 Qb7 18. g5 Nd7 19. h5 Nb6 20. hxg6 fxg6
21. Qh3 Kf7 22. Qe6# { Black checkmated } 1-0

[Event "ICC tourney 2556 (25 5)"]
[Site "Internet Chess Club"]
[Date "2021.05.09"]
[Round "5"]
[White "PAYNE, MASON:K05-16659363"]
[Black "ARORA, KABEER:K05-15760440"]
[Result "0-1"]
[ICCResult "White checkmated"]
[WhiteElo "420"]
[BlackElo "1040"]
[Opening "Caro-Kann: exchange variation"]
[ECO "B13"]
[NIC "CK.02"]
[Time "11:31:46"]
[PlyCount "54"]
[TimeControl "1500+5"]

1. e4 c6 2. d4 d5 3. exd5 cxd5 4. Nc3 Bf5 5. Nf3 Nc6 6. Bb5 e6 7. Bg5 Be7
8. Bf4 Bg4 9. O-O Nf6 10. Ne5 Bxd1 11. Nxc6 bxc6 12. Bxc6+ Nd7 13. Bxa8
Qxa8 14. Rfxd1 O-O 15. Nb5 Qb7 16. Nc7 Nf6 17. Rab1 Qc6 18. Rdc1 Bd6 19.
Bxd6 Qxd6 20. Nb5 Qb6 21. Nc3 Qxd4 22. Ne2 Qb6 23. Kh1 Ng4 24. f3 Nf2+ 25.
Kg1 Nh3+ 26. Kh1 Qg1+ 27. Nxg1 Nf2# { White checkmated } 0-1

[Event "ICC tourney 2556 (25 5)"]
[Site "Internet Chess Club"]
[Date "2021.05.09"]
[Round "5"]
[White "KRISHNA, AATMIK:K05-17193623"]
[Black "CHUGH, ROHAN:K05-16024710"]
[Result "0-1"]
[ICCResult "White checkmated"]
[WhiteElo "754"]
[BlackElo "1072"]
[Opening "Giuoco Pianissimo: Italian four knights variation"]
[ECO "C55"]
[NIC "IG.01"]
[Time "11:33:30"]
[PlyCount "44"]
[TimeControl "1500+5"]

1. e4 e5 2. Nf3 Nc6 3. Bc4 Nf6 4. Nc3 Bc5 5. d3 h6 6. O-O O-O 7. Bd2 d6 8.
Qe2 Bg4 9. h3 Bh5 10. Be3 Bb6 11. Bxb6 axb6 12. Nd5 Nxd5 13. Bxd5 Nd4 14.
Qd1 Bxf3 15. gxf3 c6 16. Bc4 Qh4 17. c3 Ne6 18. Bxe6 fxe6 19. Re1 Qxh3 20.
Re3 d5 21. b4 Rf6 22. a4 Rg6# { White checkmated } 0-1

[Event "ICC tourney 2556 (25 5)"]
[Site "Internet Chess Club"]
[Date "2021.05.09"]
[Round "5"]
[White "JAIN, RAYAN:K05-17009798"]
[Black "BALAMURUGAN, ABHIJAY:K05-16913354"]
[Result "0-1"]
[ICCResult "White checkmated"]
[WhiteElo "829"]
[BlackElo "1242"]
[Opening "Giuoco Piano"]
[ECO "C50"]
[NIC "IG.02"]
[Time "11:30:37"]
[PlyCount "82"]
[TimeControl "1500+5"]

1. e4 e5 2. Nf3 Nc6 3. Bc4 Bc5 4. O-O Nf6 5. Nc3 O-O 6. h3 h6 7. d3 d6 8.
Bb5 a6 9. Bxc6 bxc6 10. b3 Re8 11. Bb2 d5 12. exd5 cxd5 13. Re1 Bf5 14.
Rxe5 Rxe5 15. Nxe5 Qd6 16. Ne2 Re8 17. d4 Bb6 18. Qd2 Ne4 19. Qf4 Bg6 20.
Nxg6 fxg6 21. Qxd6 Nxd6 22. Ba3 Rxe2 23. Bc5 Bxc5 24. dxc5 Nb7 25. c6 Nd6
26. Rc1 Ne4 27. Rd1 Rxc2 28. Rxd5 Rxc6 29. Rd7 Nd6 30. b4 Kf8 31. a4 Rb6
32. Rd8+ Ke7 33. a5 Kxd8 34. axb6 cxb6 35. f3 a5 36. Kf2 a4 37. Ke2 a3 38.
Kd2 a2 39. Kc3 a1=Q+ 40. Kb3 Qb1+ 41. Ka4 Qa2# { White checkmated } 0-1

[Event "ICC tourney 2556 (25 5)"]
[Site "Internet Chess Club"]
[Date "2021.05.09"]
[Round "5"]
[White "ODOCHA, GABE:K05-16074734"]
[Black "HARDIKAR, RISHI:K05-17067607"]
[Result "1-0"]
[ICCResult "Black checkmated"]
[WhiteElo "728"]
[BlackElo "255"]
[Opening "Four knights: Italian variation"]
[ECO "C47"]
[NIC "KP.06"]
[Time "11:32:12"]
[PlyCount "55"]
[TimeControl "1500+5"]

1. e4 e5 2. Nf3 Nc6 3. Nc3 Nf6 4. Bc4 d6 5. h3 Be6 6. Bb3 d5 7. exd5 Nxd5
8. d3 Bb4 9. Bg5 f6 10. Bd2 Na5 11. Nxd5 Bxd2+ 12. Qxd2 Bxd5 13. Qxa5 Bxb3
14. axb3 b6 15. Qb5+ Kf7 16. c4 Rf8 17. Qd5+ Qxd5 18. cxd5 Rfd8 19. Rc1
Rac8 20. d6 cxd6 21. Rxc8 Rxc8 22. O-O Rc2 23. Ra1 Rxb2 24. Rxa7+ Kg6 25.
Nh4+ Kh6 26. Nf5+ Kg6 27. g4 Rxb3 28. Rxg7# { Black checkmated } 1-0

[Event "ICC tourney 2556 (25 5)"]
[Site "Internet Chess Club"]
[Date "2021.05.09"]
[Round "5"]
[White "SAI POTHABATHULA, RAHUL:K05-17274526"]
[Black "EVDOKIMOV, TIMOFEY:K05-16592703"]
[Result "0-1"]
[ICCResult "White resigns"]
[WhiteElo "1154"]
[BlackElo "850"]
[Opening "Giuoco Piano: four knights variation"]
[ECO "C47"]
[NIC "KP.06"]
[Time "11:32:00"]
[PlyCount "62"]
[TimeControl "1500+5"]

1. e4 e5 2. Nf3 Nc6 3. Nc3 Nf6 4. Bc4 Bc5 5. Nxe5 Nxe5 6. d4 Bd6 7. dxe5
Bxe5 8. Bg5 h6 9. Bh4 g5 10. Bg3 Bxc3+ 11. bxc3 Nxe4 12. Qe2 d5 13. f3 dxc4
14. Qxe4+ Be6 15. O-O Qd5 16. Bxc7 Qc5+ 17. Qd4 Qxc7 18. Rab1 O-O 19. f4 b6
20. fxg5 hxg5 21. Rf6 Qc5 22. Qxc5 bxc5 23. Rh6 Kg7 24. Rh5 Kg6 25. Rh3
Bxh3 26. gxh3 Kh5 27. Rb5 Rfc8 28. Kg2 Rab8 29. Ra5 Rb2 30. Rxa7 Rxc2+ 31.
Kh1 Re8 { White resigns } 0-1

[Event "ICC tourney 2556 (25 5)"]
[Site "Internet Chess Club"]
[Date "2021.05.09"]
[Round "5"]
[White "SRINIVAS PEDDIBOYINA, AKSHAR:K05-16853620"]
[Black "LINARES, BENJAMIN:K05-16387048"]
[Result "1-0"]
[ICCResult "Black checkmated"]
[WhiteElo "197"]
[BlackElo "647"]
[Opening "Four knights: Scotch, 4...exd4"]
[ECO "C47"]
[NIC "KP.06"]
[Time "11:33:00"]
[PlyCount "35"]
[TimeControl "1500+5"]

1. e4 e5 2. Nf3 Nc6 3. Nc3 Nf6 4. d4 exd4 5. Nxd4 Nxd4 6. Qxd4 Bd6 7. Bg5
Ng4 8. Bxd8 Kxd8 9. Qxg7 Re8 10. Qxg4 b6 11. Nb5 Be7 12. e5 Bb7 13. Qc4 Rc8
14. Nxa7 Ra8 15. Nb5 Rc8 16. Rd1 Rh8 17. Qd3 c6 18. Qxd7# { Black
checkmated } 1-0

[Event "ICC tourney 2556 (25 5)"]
[Site "Internet Chess Club"]
[Date "2021.05.09"]
[Round "5"]
[White "KODKANI, ARNAV:K05-16604473"]
[Black "CHOI, SHAWN:K05-16907434"]
[Result "0-1"]
[ICCResult "White checkmated"]
[WhiteElo "902"]
[BlackElo "1354"]
[Opening "Danish gambit"]
[ECO "C21"]
[NIC "KP.04"]
[Time "11:32:20"]
[PlyCount "56"]
[TimeControl "1500+5"]

1. e4 e5 2. d4 exd4 3. c3 Nc6 4. cxd4 Bb4+ 5. Nc3 Nf6 6. Bd3 d6 7. Nf3 Bg4
8. h3 Bh5 9. O-O Nxd4 10. Be2 Nxe2+ 11. Qxe2 O-O 12. Bg5 h6 13. Bh4 Re8 14.
Nd5 Bc5 15. Nxf6+ gxf6 16. Qd3 Bg6 17. Nd4 Rxe4 18. Qf3 Rxh4 19. Nf5 Bxf5
20. Qxf5 Rd4 21. Rad1 Rxd1 22. Rxd1 Qe7 23. Qg4+ Kh8 24. Qh5 Qf8 25. Rd3
Re8 26. Rf3 Qg7 27. Rg3 Qxg3 28. Kf1 Qxf2# { White checkmated } 0-1

[Event "ICC tourney 2556 (25 5)"]
[Site "Internet Chess Club"]
[Date "2021.05.09"]
[Round "5"]
[White "W ZHANG, ETHAN:K05-17088714"]
[Black "VARADA JAKKAMREDDY, ARJUN:K05-17229191"]
[Result "1-0"]
[ICCResult "Black checkmated"]
[WhiteElo "839"]
[BlackElo "415"]
[Opening "Two knights defense"]
[ECO "C57"]
[NIC "KP.01"]
[Time "11:30:56"]
[PlyCount "61"]
[TimeControl "1500+5"]

1. e4 e5 2. Nf3 Nc6 3. Bc4 Nf6 4. Ng5 Qe7 5. Bxf7+ Kd8 6. Bc4 d6 7. Nf7+
Ke8 8. Nxh8 Bg4 9. Bf7+ Kd8 10. f3 Be6 11. Bxe6 Qxe6 12. O-O Be7 13. c3 Kd7
14. d4 exd4 15. cxd4 Rxh8 16. d5 Qe5 17. dxc6+ bxc6 18. Nc3 Qc5+ 19. Kh1
Ne8 20. Re1 Nf6 21. e5 Nd5 22. Nxd5 cxd5 23. e6+ Kc6 24. Be3 Qb5 25. Rc1+
Kb7 26. Rc3 Qxb2 27. Rb3+ Qxb3 28. Qxb3+ Kc8 29. Qxd5 Kd8 30. Qc6 Rf8 31.
Qd7# { Black checkmated } 1-0

[Event "ICC tourney 2556 (25 5)"]
[Site "Internet Chess Club"]
[Date "2021.05.09"]
[Round "5"]
[White "XAVIER KIM, EVEREST:K05-17350711"]
[Black "MATHUR, AASHI:K05-17111754"]
[Result "0-1"]
[ICCResult "White checkmated"]
[WhiteElo "643"]
[BlackElo "1012"]
[Opening "Giuoco Pianissimo"]
[ECO "C50"]
[NIC "IG.02"]
[Time "11:32:53"]
[PlyCount "36"]
[TimeControl "1500+5"]

1. e4 e5 2. Nf3 Nc6 3. Bc4 Bc5 4. d3 h6 5. O-O Nf6 6. Nc3 d6 7. Nd5 Bg4 8.
h3 Bh5 9. a3 Nd4 10. c3 Nxf3+ 11. gxf3 Nxd5 12. Bxd5 Qh4 13. Qa4+ c6 14.
Bb3 Bxf3 15. Qc4 O-O 16. Kh2 Bg4 17. Kg1 Qg3+ 18. Kh1 Bf3# { White
checkmated } 0-1

[Event "ICC tourney 2556 (25 5)"]
[Site "Internet Chess Club"]
[Date "2021.05.09"]
[Round "5"]
[White "JAVERI, KIAAN:K05-16378244"]
[Black "LIU, KAYLAH:K05-17154374"]
[Result "1-0"]
[ICCResult "Black checkmated"]
[WhiteElo "915"]
[BlackElo "431"]
[Opening "Three knights game"]
[ECO "C46"]
[NIC "KP.06"]
[Time "11:31:06"]
[PlyCount "45"]
[TimeControl "1500+5"]

1. e4 e5 2. Nf3 Nc6 3. Nc3 Bc5 4. Nxe5 Nxe5 5. d4 Bd6 6. dxe5 Bxe5 7. Qd5
Bxc3+ 8. bxc3 Nf6 9. Qd4 O-O 10. Bg5 d6 11. Rd1 Qe8 12. Bxf6 gxf6 13. Bd3
Qe6 14. O-O c5 15. Qe3 Qxa2 16. e5 fxe5 17. Qg5+ Kh8 18. Qh6 Bf5 19. Bxf5
Qxc2 20. Bxc2 Kg8 21. Bxh7+ Kh8 22. Bg6+ Kg8 23. Qh7# { Black checkmated }
1-0

[Event "ICC tourney 2556 (25 5)"]
[Site "Internet Chess Club"]
[Date "2021.05.09"]
[Round "5"]
[White "CAO, EVAN:K05-16823573"]
[Black "SUNG, LUCAS:K05-16250308"]
[Result "1-0"]
[ICCResult "Black checkmated"]
[WhiteElo "1025"]
[BlackElo "750"]
[Opening "Evans gambit"]
[ECO "C51"]
[NIC "IG.05"]
[Time "11:31:54"]
[PlyCount "29"]
[TimeControl "1500+5"]

1. e4 e5 2. Nf3 Nc6 3. Bc4 Bc5 4. b4 Bxb4 5. c3 Bc5 6. d4 Bb6 7. Qb3 Nh6 8.
Bxh6 gxh6 9. Bxf7+ Ke7 10. Nxe5 Nxe5 11. dxe5 Rf8 12. Bc4 Ke8 13. O-O Rg8
14. Bxg8 Ke7 15. Qf7# { Black checkmated } 1-0

[Event "ICC tourney 2556 (25 5)"]
[Site "Internet Chess Club"]
[Date "2021.05.09"]
[Round "5"]
[White "SWIFT, ANASTASIYA:K05-30125631"]
[Black "KEEL, MYLAN:K05-17256996"]
[Result "1-0"]
[ICCResult "Black checkmated"]
[WhiteElo "688"]
[BlackElo "189"]
[Opening "Ruy Lopez: old Steinitz defense"]
[ECO "C62"]
[NIC "RL.02"]
[Time "11:32:04"]
[PlyCount "51"]
[TimeControl "1500+5"]

1. e4 e5 2. Nf3 Nc6 3. Bb5 d6 4. O-O Bg4 5. h3 Bxf3 6. Bxc6+ bxc6 7. Qxf3
Be7 8. Nc3 Nf6 9. d3 d5 10. exd5 cxd5 11. Bg5 Bc5 12. Qe2 O-O 13. Qxe5 Re8
14. Bxf6 Qxf6 15. Qxf6 g6 16. Nxd5 Bd4 17. Ne7+ Rxe7 18. Qxe7 Bxb2 19. Rab1
Be5 20. Qxe5 Kf8 21. Qh8+ Ke7 22. Qxa8 Kf6 23. Qd8+ Ke6 24. Rfe1+ Kf5 25.
Qd5+ Kf6 26. Qe5# { Black checkmated } 1-0

[Event "ICC tourney 2556 (25 5)"]
[Site "Internet Chess Club"]
[Date "2021.05.09"]
[Round "5"]
[White "HU, ANDREW:K05-30094774"]
[Black "DUNIKOV, GLIB:K05-16572317"]
[Result "0-1"]
[ICCResult "White resigns"]
[WhiteElo "1135"]
[BlackElo "1502"]
[Opening "Dutch with c4 & Nc3"]
[ECO "A85"]
[NIC "HD.05"]
[Time "11:30:42"]
[PlyCount "80"]
[TimeControl "1500+5"]

1. d4 f5 2. c4 Nf6 3. Nc3 g6 4. f3 Bg7 5. e4 fxe4 6. fxe4 O-O 7. Nf3 d6 8.
Bf4 Nxe4 9. Nxe4 Rxf4 10. Be2 Rxe4 11. O-O Rf4 12. Qb3 Nc6 13. c5+ Kh8 14.
cxd6 exd6 15. d5 Nd4 16. Nxd4 Rxd4 17. Rf3 Bf5 18. Bd3 Rxd3 19. Rxd3 Bxd3
20. Qxd3 Qf6 21. Rb1 Qd4+ 22. Qxd4 Bxd4+ 23. Kf1 Rf8+ 24. Ke2 Bb6 25. g3
Rf2+ 26. Kd3 Rxh2 27. Re1 Rxb2 28. a4 Rb3+ 29. Kc2 Rc3+ 30. Kxc3 Ba5+ 31.
Kc4 Bxe1 32. Kb5 Bxg3 33. Kc4 h5 34. Kd3 h4 35. Ke4 h3 36. Kf3 h2 37. Kg2
Kg7 38. a5 Kf6 39. Kh1 Ke5 40. Kg2 Kxd5 { White resigns } 0-1